Map: Dusk Towers

Players

Miszu

  • Race: Protoss Protoss
  • League: Grandmaster

DarthBane - Winner!

  • Race: Zerg Zerg
  • League: Master

VOD

Have the link to the VOD?

Description

Time

  • Played on: April 8, 2016, 5:39 p.m.
  • Length: 10:19
Show
View Real Time Build Order
Export as new Build Order

Miszu Protoss 

Build Orders: 1 Gate Expand 

Get SALT Encoding   

  12  0:01  Probe (Chrono Boost)  
  13  0:11  Probe (Chrono Boost)  
  14  0:19  Pylon  
  14  0:22  Probe (Chrono Boost)  
  15  0:38  Probe (Chrono Boost)  
  16  0:44  Gateway  
  16  0:48  Probe (Chrono Boost)  
  17  0:53  Assimilator  
  17  1:12  Nexus, Probe (Chrono Boost)  
  18  1:19  Assimilator  
  18  1:23  Probe (Chrono Boost)  
  19  1:31  Pylon  
  19  1:34  Probe (Chrono Boost)  
  19  1:38  Assimilator  
  20  1:44  Probe (Chrono Boost)  
  21  1:55  Cybernetics Core, Probe (Chrono Boost)  
  22  2:05  Probe (Chrono Boost)  
  23  2:16  Probe (Chrono Boost)  
  24  2:25  Probe (Chrono Boost)  
  24  2:26  Probe (Chrono Boost)  
  26  2:30  Adept  
  26  2:32  Warp Gate (Chrono Boost)  
  26  2:35  Probe (Chrono Boost)  
  29  2:37  Probe  
  30  2:47  Probe  
  30  2:49  Mothership Core  
  33  2:53  Gateway  
  33  2:54  Gateway  
  33  2:56  Adept  
  33  2:59  Probe  
  36  3:10  Probe  
  37  3:13  Probe  
  38  3:20  Adept  
  38  3:21  Pylon  
  38  3:22  Probe  
  38  3:25  Probe  
  40  3:34  Probe  
  40  3:37  Probe  
  42  3:44  Adept  
  42  3:47  Probe  
  45  3:49  Probe  
  48  3:59  Probe  
  48  4:02  Stargate  
  49  4:03  Stargate  
  49  4:04  Assimilator x2  
  45  4:22  Probe  
  45  4:24  Adept x2  
  43  4:40  Adept, Probe  
  43  4:41  Probe  
  47  4:52  Probe  
  47  4:53  Probe  
  47  5:03  Phoenix x2  
  47  5:05  Probe x2  
  52  5:10  Adept  
  54  5:24  Pylon  
  54  5:26  Nexus, Pylon x2  
  54  5:42  Probe x2  
  56  5:43  Adept  
  58  5:53  Phoenix x2  
  58  5:54  Probe x2  
  58  6:06  Adept x3, Probe x2  
  62  6:18  Probe x2  
  64  6:28  Phoenix  
  64  6:29  Phoenix  
  64  6:30  Probe x2  
  68  6:36  Probe  
  67  6:43  Probe x2  
  67  6:47  Probe  
  69  6:53  Phoenix x2  
  74  6:55  Probe x2  
  74  6:57  Probe  
  77  7:06  Adept x3  
  77  7:07  Probe x2  
  77  7:08  Probe  
  86  7:19  Probe  
  87  7:23  Probe  
  87  7:29  Probe  
  88  7:30  Phoenix x2  
  93  7:37  Robotics Facility, Twilight Council  
  93  7:41  Robotics Facility  
  93  7:43  Forge, Probe  
  92  7:45  Pylon, Probe  
  92  7:48  Pylon  
  93  7:51  Pylon  
  93  7:53  Pylon  
  93  7:55  Assimilator x2  
  93  8:01  Probe  
  93  8:03  Probe x2  
  96  8:06  Pylon  
  96  8:07  Pylon  
  96  8:09  Charge  
  96  8:14  Pylon  
  96  8:15  Adept  
  96  8:16  Adept x2  
  102  8:25  Immortal  
  106  8:29  Immortal (Chrono Boost)  
  110  8:35  Pylon  
  110  8:49  Probe  
  110  8:52  Pylon  
  110  8:54  Gateway  
  111  8:56  Pylon  
  111  8:57  Gateway, Zealot x2  
  111  8:58  Gateway  
  111  9:00  Gateway  
  115  9:05  Immortal (Chrono Boost)  
  115  9:08  Observer (Chrono Boost)  
  120  9:26  Gateway  
  120  9:27  Gateway  
  120  9:28  Gateway  
  120  9:30  Gateway  
  120  9:31  Gateway  
  120  9:33  Zealot x3  
  124  9:52  Pylon  
  124  9:53  Pylon  
  124  9:55  Pylon  
  132  10:01  Templar Archives  
  132  10:06  Zealot x2  
  132  10:07  Zealot  
  129  10:12  Zealot x2  
  129  10:13  Zealot  
  109  10:17  Zealot  
Show
View Real Time Build Order
Export as new Build Order

DarthBane Zerg - Winner!

Build Orders: Hatch First 

Get SALT Encoding   

  12  0:01  Drone  
  13  0:12  Overlord  
  13  0:18  Drone  
  14  0:30  Drone x2  
  14  0:34  Drone  
  17  0:45  Drone  
  18  0:56  Hatchery  
  17  0:57  Drone  
  17  0:59  Extractor  
  17  1:12  Spawning Pool  
  17  1:15  Drone  
  17  1:18  Drone  
  18  1:28  Drone  
  19  1:38  Overlord  
  19  1:50  Drone  
  20  1:59  Queen  
  20  2:01  Metabolic Boost, Drone  
  23  2:12  Drone  
  23  2:13  Drone  
  25  2:20  Drone  
  27  2:22  Drone  
  27  2:24  Queen  
  29  2:35  Hatchery  
  28  2:39  Evolution Chamber  
  28  2:41  Zergling x4  
  28  2:42  Zergling x2  
  30  2:51  Overlord  
  30  2:52  Zergling x2  
  30  2:54  Zergling x2  
  32  3:02  Zergling x2  
  33  3:12  Zergling x2  
  34  3:13  Zergling x8  
  34  3:16  Queen  
  40  3:36  Drone  
  40  3:37  Overlord  
  40  3:38  Drone x2  
  43  3:41  Drone  
  43  3:46  Overlord x2  
  44  3:50  Drone  
  44  3:54  Drone  
  44  3:55  Drone x4  
  49  3:58  Extractor  
  49  3:59  Roach Warren  
  49  4:00  Drone  
  48  4:06  Queen  
  50  4:11  Drone x2  
  50  4:16  Drone  
  48  4:46  Drone x10  
  48  4:47  Drone  
  48  4:50  Lair  
  57  5:02  Spore Crawler x2  
  57  5:04  Extractor  
  57  5:06  Extractor, Spore Crawler  
  49  5:07  Drone  
  49  5:08  Drone x4  
  54  5:22  Drone x3  
  54  5:24  Drone x2  
  54  5:25  Drone  
  60  5:35  Zergling x14  
  67  5:45  Overlord x3  
  67  5:52  Overlord  
  67  5:55  Hydralisk Den  
  64  6:01  Zergling x2  
  64  6:02  Zergling x6  
  64  6:10  Zergling x2  
  63  6:11  Zergling x12  
  63  6:18  Zergling x2  
  63  6:26  Zerg Missile Weapons Level 1  
  63  6:27  Muscular Augments  
  63  6:30  Drone  
  63  6:31  Drone x2  
  66  6:34  Glial Reconstitution  
  66  6:39  Drone x3  
  69  6:49  Overlord  
  69  6:50  Drone  
  69  6:51  Drone x4, Hatchery  
  73  6:55  Drone  
  73  6:56  Drone x3  
  75  7:05  Drone x2  
  75  7:06  Overlord  
  74  7:08  Hydralisk  
  74  7:09  Hydralisk x4  
  83  7:18  Hydralisk x2  
  83  7:19  Hydralisk  
  89  7:26  Hydralisk x3  
  89  7:27  Hydralisk  
  95  7:33  Overlord  
  93  7:45  Overlord x3  
  93  7:49  Extractor  
  93  7:50  Overlord x2, Extractor  
  91  7:51  Hydralisk  
  91  7:52  Hydralisk x2  
  96  8:09  Drone x2  
  96  8:10  Drone x6  
  104  8:20  Overlord  
  104  8:22  Hydralisk  
  104  8:23  Hydralisk, Roach x2  
  104  8:24  Roach x3  
  118  8:27  Overseer  
  118  8:32  Hydralisk x2  
  118  8:33  Roach x2  
  126  8:39  Hydralisk  
  126  8:40  Hydralisk, Roach x2  
  134  8:41  Roach  
  134  8:45  Overlord  
  131  9:02  Hydralisk x2  
  131  9:03  Hydralisk, Roach x4  
  131  9:04  Roach x3  
  131  9:08  Queen, Overseer  
  153  9:15  Overlord x2  
  153  9:20  Hydralisk  
  153  9:21  Hydralisk x2  
  159  9:35  Overlord  
  157  9:46  Ravager x8  
  157  9:47  Ravager x3, Roach  
  157  9:48  Roach  
  157  9:50  Zergling x4  
  157  9:51  Zergling x2  
  157  9:52  Overlord x2  
  175  9:53  Overlord x2  
Tags
 
Add a new tag
Caveats
  • Supply blocks, unpowered buildings, or Contaminate may cause inaccurate times.
  • Supply counts are checked every 10 seconds.